Unix NetHack Version 5.0.0-0 post-release - last build May 23 2026 06:08:33 (1c0ff79ee797540d5714e4e18072db0edd9e58ae,branch:main).

Game began 2026-05-26 02:59:02, ended 2026-05-28 03:16:44.

Eldrich, lawful male human Archeologist

                                                             ---------
                                                             ........|
                                                             |.......|
                                                             |.....<.|
                                                             |.......|
                                                             |.......|
                                                     ###     -------.-
                                                    ##              #
                                     -----         ##               #
                                     |.{....     #####            ###
                                         |C..aa@f#### --------.---.-
                                         |..  a     # |............|
                                         -    #     ##|........[...|
                                                     #-......).....|
                                                      |............|
                                                      |>...........|
                                                      --------------

Eldrich the Investigator   St:14 Dx:9 Co:15 In:16 Wi:15 Ch:10  Lawful
Dlvl:9  $:127 HP:0(46) Pw:10(30) AC:4  Xp:6 T:3666  Stun

Latest messages:
 The spell hits the wolf!
 You kill the wolf!
 e - a +0 pick-axe (weapon in right hand).
 a - a +2 bullwhip (alternate weapon; not wielded).
 You start digging.
 You hit the rock with all your might.
 You find a hidden passage.
 a - a +2 bullwhip (weapon in right hand).
 e - a +0 pick-axe (alternate weapon; not wielded).
 Your kitten eats a wolf corpse.
 You hear snoring snakes.
 What do you want to put on? [lE or ?*] ?
 l - a pearl ring (on right hand).
 You hear convulsive ravings.
 You swap places with your kitten.
 You stop.  Your kitten is in the way!
 You lash the iguana.
 The iguana just misses!
 You lash the iguana.
 The iguana bites!
 You miss the iguana.
 The iguana bites!
 You miss the iguana.
 You miss the iguana.
 The iguana bites!
 You lash the iguana.
 The iguana bites!
 You kill the iguana!
 This door is locked.
 Unlock it with your key? [ynq] (q) y
 You succeed in unlocking the door.
 KABOOM!!  The door was booby-trapped!
 You stagger...
 You lash the soldier ant.
 The soldier ant just misses!
 The soldier ant stings!
 The killer bee stings!
 The soldier ant bites!
 The soldier ant stings!
 The soldier ant's sting was poisoned!
 You miss the killer bee.
 The soldier ant bites!
 The soldier ant stings!
 The soldier ant's sting was poisoned!
 You die...
 Do you want your possessions identified? [ynq] (y) y
 Do you want to see your attributes? [ynq] (y) n
 Do you want an account of creatures vanquished? [ynaq] (y) n
 Do you want to see your conduct and achievements? [ynq] (y) n
 Do you want to see the dungeon overview? [ynq] (y) n

Inventory:
 Coins    ('$')
  $ - 127 gold pieces
 Weapons  (')')
  a - a +2 bullwhip (weapon in right hand)
 Armor    ('[')
  x - an uncursed +4 elven leather helm (being worn)
  c - an uncursed +0 fedora
  b - an uncursed +0 leather jacket (being worn)
 Comestibles  ('%')
  d - 3 uncursed food rations
  y - 3 uncursed tripe rations
 Scrolls  ('?')
  s - 2 cursed scrolls of enchant armor
  v - 2 uncursed scrolls of enchant weapon
  z - an uncursed scroll of gold detection
  p - an uncursed scroll of scare monster
  i - 2 uncursed scrolls of teleportation
 Spellbooks  ('+')
  D - an uncursed spellbook of light
 Potions  ('!')
  t - an uncursed potion of blindness
  m - an uncursed potion of gain energy
  n - an uncursed potion of gain level
  q - 4 uncursed potions of healing
 Rings    ('=')
  r - an uncursed +1 ring of gain strength (on left hand)
  l - an uncursed ring of regeneration (on right hand)
  E - an uncursed ring of slow digestion
 Wands    ('/')
  u - a wand of locking (0:7)
 Tools    ('(')
  h - an uncursed sack containing 2 items
  e - a +0 pick-axe (alternate weapon; not wielded)
  o - an uncursed skeleton key
  f - a tinning kit (0:47)
 Gems/Stones  ('*')
  g - an uncursed touchstone

Contents of the sack:
  2 uncursed agate stones
  an uncursed fluorite stone

Eldrich the Archeologist's attributes:

Background:
 You were an Investigator, a level 6 male human Archeologist.
 You were lawful, nominally on a mission for Quetzalcoatl
 who was opposed by Camaxtli (neutral) and Huhetotl (chaotic).
 You were right-handed.
 You were in the Dungeons of Doom, on level 9.
 You entered the dungeon 3666 turns ago.
 It was nighttime.
 You had 386 experience points, 254 more were needed to attain level 7.

Basics:
 You had 0 out of 46 hit points.
 You had 10 out of 30 energy points (spell power).
 Your armor class was 4.
 Your wallet contained 127 zorkmids.
 Autopickup was off.

Final Characteristics:
 Your strength was 14 (base:13, limit:18/100).
 Your dexterity was 9 (limit:18).
 Your constitution was 15 (limit:18).
 Your intelligence was 16 (limit:18).
 Your wisdom was 15 (limit:18).
 Your charisma was 10 (limit:18).

Final Status:
 You were stunned.
 You weren't hungry.
 You were unencumbered.
 You were wielding a whip.
 You had basic skill with whip and could have enhanced that.

Final Attributes:
 You were piously aligned.
 You had automatic searching.
 You were stealthy.
 You regenerated.
 You are dead.

Miscellaneous:
 You didn't encounter any bones levels.
 Total elapsed playing time was 47 minutes and 47 seconds.

Major events:
 Turn
    1: Eldrich the lawful male human Archeologist entered the dungeon
  751: attained the rank of Field Worker (level 3)
 1096: entered the Gnomish Mines
 3227: attained the rank of Investigator (level 6)
 3666: killed by a soldier ant

Spells:
 Name                 Level Category     Fail Retention
 detect monsters        1   divination     0%  76%-100%
 force bolt             1   attack         0%  76%-100%
 light                  1   divination     0%  76%-100%

Skills:
 Fighting Skills
   bare handed combat [Unskilled]
   two weapon combat  [Unskilled]
   riding             [Unskilled]
 Weapon Skills
   dagger             [Unskilled]
   knife              [Unskilled]
   pick-axe           [Basic]
   short sword        [Unskilled]
   saber              [Unskilled]
   club               [Unskilled]
   quarterstaff       [Unskilled]
   sling              [Unskilled]
   dart               [Unskilled]
   boomerang          [Unskilled]
   whip               [Basic]
   unicorn horn       [Unskilled]
 Spellcasting Skills
   attack spells      [Unskilled]
   healing spells     [Unskilled]
   divination spells  [Unskilled]
   matter spells      [Unskilled]

Voluntary challenges:
 Character rerolling was not enabled.
 You were an atheist.
 You never genocided any monsters.
 You never polymorphed an object.
 You never changed form.
 You used no wishes.
Achievements:
 You attained the rank of Field Worker.
 You entered the Gnomish Mines.
 You attained the rank of Investigator.

 The Dungeons of Doom: levels 1 to 10
    Level 1:
       A fountain, a grave.
    Level 2:
       Many fountains.
    Level 3:
       Stairs down to The Gnomish Mines.
    Level 4:
    Level 5:
    Level 6:
    Level 7:
    Level 8:
       Some fountains.
    Level 9: <- You were here.
       A fountain.
       Final resting place for
          you, killed by a soldier ant.
    Level 10:
 The Gnomish Mines:
    Level 4:


Vanquished creatures:
  2 wolves
  2 rock moles
  a pony
  2 fog clouds
  2 gnomish wizards
  2 giant ants
  a floating eye
  a kitten
  a dwarf
  6 rothes
  a centipede
  a dwarf zombie
  2 werejackals
  3 iguanas
  a gas spore
  2 hobbits
  a giant rat
  a cave spider
  a brown mold
  3 yellow molds
  a gnome
  a gnome zombie
  5 geckos
  a jackal
  a fox
  a goblin
  a sewer rat
 11 grid bugs
  a bat
  6 lichens
  a kobold zombie
  7 newts
73 creatures vanquished.

No species were genocided or became extinct.

Game over:
                       ----------
                      /          \
                     /    REST    \
                    /      IN      \
                   /     PEACE      \
                  /                  \
                  |     Eldrich      |
                  |      127 Au      |
                  |   killed by a    |
                  |   soldier ant    |
                  |                  |
                  |                  |
                  |       2026       |
                 *|     *  *  *      | *
        _________)/\\_//(\/(/\)/\//\/|_)_______

Goodbye Eldrich the Archeologist...

You died in The Dungeons of Doom on dungeon level 9 with 2109 points,
and 127 pieces of gold, after 3666 moves.
You were level 6 with a maximum of 46 hit points when you died.

